 Dungeon Crawl Stone Soup version 0.19-a0-570-g8ae9a92 (webtiles) character file.

74 IamBaum the Caller (level 4, -6/24 HPs)
             Began as a Tengu Summoner on June 8, 2016.
             Killed by nerve-wracking pain
             ... invoked by Grinder
              (10 damage)
             ... while paralysed by Grinder
             ... on level 3 of the Dungeon.
             The game lasted 00:19:26 (2588 turns).

IamBaum the Caller (Tengu Summoner)                 Turns: 2588, Time: 00:19:27

Health: -6/24      AC:  2    Str:  8    XL:     4   Next: 28%
Magic:  2/9        EV:  2    Int: 17    God:
Gold:   136        SH:  0    Dex: 14    Spells: 3 memorised, 2 levels left

rFire  . . .     SeeInvis .     m - +1 hunting sling (flame)
rCold  . . .     Gourm    .     a - +0 robe
rNeg   . . .     Faith    .     (no shield)
rPois  .         Spirit   .     (helmet restricted)
rElec  .         Dismiss  .     (no cloak)
rCorr  .         Reflect  .     (no gloves)
SustAt .         Harm     .     (boots unavailable)
MR     .....                    (no amulet)
Stlth  ++........               (no ring)
                                (no ring)

@: paralysed, about to teleport, not resistant to hostile enchantments,
unstealthy
A: beak, talons 3
a: no special abilities


You were on level 3 of the Dungeon.
You were not hungry.

You visited 1 branch of the dungeon, and saw 3 of its levels.

You collected 136 gold pieces.

Inventory:

Hand Weapons
 f - a +0 hand axe
 m - a +1 hunting sling of flaming (weapon)
Missiles
 n - 31 stones (quivered)
Armour
 a - a +0 robe (worn)
Scrolls
 o - a scroll of remove curse {unknown}
Potions
 d - 4 potions of degeneration
 e - a potion of curing
 g - a potion of heal wounds {unknown}
 i - 2 potions of agility {unknown}
Books
 b - a book of Callings

   Spells                             Type                      Level
   a - Summon Small Mammal            Summoning                    1
   b - Call Imp                       Summoning                    2
   c - Call Canine Familiar           Summoning                    3
   d - Summon Guardian Golem          Hexes/Summoning              3
   e - Summon Lightning Spire         Summoning/Air                4
   f - Summon Ice Beast               Ice/Summoning                4
Comestibles
 c - 2 fruits
 j - a meat ration


   Skills:
 - Level 0.2 Fighting
 - Level 0.2 Axes
 + Level 0.6 Slings
 - Level 2.1 Dodging
 - Level 2.0 Stealth
 + Level 0.2 Unarmed Combat
 + Level 2.9 Spellcasting
 * Level 5.9 Summonings


You had 2 spell levels left.
You knew the following spells:

 Your Spells              Type           Power        Failure   Level  Hunger
a - Summon Small Mammal   Summ           ###.         1%          1    #......
b - Call Imp              Summ           ###.....     2%          2    ##.....
c - Summon Guardian Gole  Hex/Summ       ##......     17%         3    ###....


Dungeon Overview and Level Annotations

Branches:
Dungeon (3/15)

Altars:

Annotations:
D:3 Grinder


Innate Abilities, Weirdness & Mutations

You have a beak for a mouth.
You have claws for feet.


Message History

Your crimson imp hits Grinder.
Casting: Call Imp
Confirm with . or Enter, or press ? or * to list all spells.
Your shadow imp closely misses Grinder.
Grinder hits your shadow imp!
Your shadow imp dies!
Your crimson imp barely misses Grinder.
Grinder gestures at you. Pain shoots through your body!
* * * LOW HITPOINT WARNING * * *
You swap places.
Grinder hits your quokka!
Your quokka dies!
Your quokka's corpse disappears in a puff of smoke!
As you read the scroll of teleportation, it crumbles to dust.
You feel strangely unstable. Grinder gestures at you.
You suddenly lose the ability to move!
Grinder gestures at you. Pain shoots through your body!
You die...

#############
.......@....#
###########5#
#.# #5# #5#
#.# #.# #.#
#.#


You could see Grinder.

Vanquished Creatures
  A dart slug (D:3)
  2 giant geckos
  2 ball pythons
  A giant cockroach (D:3)
  A goblin (D:1)
  2 hobgoblins (D:1)
  4 jackals
  2 quokkas (D:2)
  4 bats (D:2)
  5 giant newts
  3 kobolds
  3 rats (D:2)
30 creatures vanquished.

Vanquished Creatures (collateral kills)
  2 adders
  2 oozes (D:1)
  2 bats (D:1)
  A giant cockroach (D:2)
  2 hobgoblins
  10 jackals
  5 kobolds (D:1)
  4 goblins
28 creatures vanquished.

Grand Total: 58 creatures vanquished

Notes
Turn   | Place    | Note
--------------------------------------------------------------
     0 | D:1      | IamBaum the Tengu Summoner began the quest for the Orb.
     0 | D:1      | Reached XP level 1. HP: 10/10 MP: 4/4
    97 | D:1      | Reached skill level 5 in Summonings
   351 | D:1      | Reached XP level 2. HP: 15/15 MP: 0/6
   556 | D:1      | Learned a level 2 spell: Call Imp
  1072 | D:1      | Reached XP level 3. HP: 17/19 MP: 0/7
  1348 | D:2      | Learned a level 3 spell: Summon Guardian Golem
  2266 | D:2      | Reached XP level 4. HP: 24/24 MP: 9/9
  2414 | D:3      | Found a faded altar of an unknown god.
  2421 | D:3      | Noticed Grinder
  2527 | D:3      | HP: 1/24 [Grinder/nerve-wracking pain (9)]
  2587 | D:3      | Paralysed by Grinder for 6 turns
  2588 | D:3      | Killed from afar by Grinder

Vault maps used:
D:1:      minmay_arrival_glassed_features, hangedman_decor_push,
          minmay_misc_feat_pillars
D:2:      minivault_24
D:3:      lemuel_crystal_altar, ecumenical_altar_2, uniq_grinder

Skill      XL: |  1 |
---------------+----+-----
Summonings     | 5 |  5.9
Fighting       | |  0.2
Axes           | |  0.2
Slings         | |  0.6
Dodging        | |  2.1
Stealth        | |  2.0
Unarmed Combat | |  0.2
Spellcasting   | |  2.9

Action                   |  1- 3 |  4- 6 || total
-------------------------+-------+-------++-------
Melee: Hand axe          |    22 |       ||    22
       Unarmed           |     4 |       ||     4
       Kick              |     3 |       ||     3
       Peck              |     2 |       ||     2
       Hunting sling     |       |     2 ||     2
 Fire: Hunting sling     |    41 |    19 ||    60
 Cast: Summon Small Mamm |    21 |     2 ||    23
       Call Imp          |    31 |     6 ||    37
       Summon Guardian G |     4 |     1 ||     5
  Use: Scroll            |     3 |     3 ||     6
       Potion            |       |     2 ||     2
 Stab: Sleeping          |     1 |       ||     1
  Eat: Chunk             |     5 |       ||     5
       Bread ration      |       |     1 ||     1
Armor: Robe              |    14 |     2 ||    16
Dodge: Dodged            |    47 |    11 ||    58
